 Dungeon Crawl Stone Soup version 0.31-a0-1589-g8f5e8aebd6 (webtiles) character file.

Game seed: 8800103247111415453

15931 Flugslaktarn the Thaumaturge (level 12, -1/79 HPs)
             Began as an Octopode Alchemist on Jan 5, 2024.
             Was a Believer of Sif Muna.
             Slain by a warg (11 damage)
             ... led by Saint Roka
             ... on level 2 of the Orcish Mines.
             The game lasted 00:17:55 (7135 turns).

Flugslaktarn the Thaumaturge (Octopode Alchemist)   Turns: 7135, Time: 00:17:56

Health: -1/79      AC:  2    Str: 19    XL:     12   Next: 32%
Magic:  29/39      EV: 14    Int: 31    God:    Sif Muna [**....]
Gold:   877        SH:  0    Dex: 13    Spells: 31/40 levels left

rFire   + + .        u - +11 spear "Earthworm" {flame, rF++ Will- Int+3}
rCold   + . .        (no shield)
rNeg    . . .        k - +1 hat {SInv}
rPois   .            (no amulet)
rElec   .            c - ring of protection from cold
rCorr   .            e - +6 ring of strength
SInv    +            g - +6 ring of intelligence
Will    .....        m - +6 ring of strength
Stlth   +++          d - ring of magical power
HPRegen 0.33/turn    (no ring)
MPRegen 0.26/turn    (no ring)
                     (no ring)

%: no passive effects
@: radiating poison
A: almost no armour, amphibious, 8 rings, camouflage 1, gelatinous body 1,
(nimble swimmer 1), tentacles
a: Renounce Religion, Channel Magic


You were on level 2 of the Orcish Mines.
You worshipped Sif Muna.
Sif Muna was pleased with you.
You visited 3 branches of the dungeon, and saw 14 of its levels.
You also visited: Bailey.

You collected 959 gold pieces.
You spent 82 gold pieces at shops.

Inventory:

Hand Weapons
 f - a +1 short sword of protection
   (You took it off a kobold on level 3 of the Dungeon)
 l - a +3 dagger of electrocution
   (You took it off an orc on level 6 of the Dungeon)
 p - a +3 trident of venom
   (You took it off a gnoll sergeant on level 6 of the Dungeon)
 s - a +5 scimitar of protection
   (You took it off a wight on level 7 of the Dungeon)
 u - the +11 spear "Earthworm" (weapon) {flame, rF++ Will- Int+3}
   (You found it on level 7 of the Dungeon)

   Int+3:     It affects your intelligence (+3).
   rF++:      It greatly protects you from fire.
   Will-:     It decreases your willpower.
Armour
 k - a +1 hat of see invisible (worn)
   (You acquired it in a bailey)
Magical Staves
 b - a staff of fire
   (You found it on level 1 of the Dungeon)
 v - a staff of alchemy
   (You found it in a bailey)
Jewellery
 c - a ring of protection from cold (left tentacle)
   (You found it on level 3 of the Dungeon)
 d - a ring of magical power (on tentacle)
   (You took it off Erica on level 8 of the Dungeon)
 e - a +6 ring of strength (right tentacle)
   (You found it on level 3 of the Dungeon)
 g - a +6 ring of intelligence (on tentacle)
   (You found it on level 5 of the Dungeon)
 m - a +6 ring of strength (on tentacle)
   (You found it on level 6 of the Dungeon)
 C - an amulet of guardian spirit
   (You found it on level 8 of the Dungeon)
Wands
 y - a wand of flame (17)
   (You took it off Maurice on level 8 of the Dungeon)
 A - a wand of mindburst (10)
   (You found it on level 9 of the Dungeon)
 B - a wand of iceblast (3)
   (You found it on level 9 of the Dungeon)
Scrolls
 h - 2 scrolls of immolation
 j - a scroll of vulnerability {unknown}
 n - a scroll of fog
 q - a scroll of silence
 r - 3 scrolls of identify
 t - 5 scrolls of teleportation
 z - 3 scrolls of blinking
 G - a scroll of enchant armour {unknown}
 H - a scroll of fear
 I - a scroll of revelation
Potions
 a - 4 potions of magic
 i - a potion of invisibility
 o - 4 potions of curing {unknown}
 w - a potion of heal wounds
 x - a potion of resistance {unknown}
 D - 2 potions of brilliance {unknown}
 E - a potion of haste {unknown}
 F - 2 potions of enlightenment {unknown}


   Skills:
 - Level 6.0 Fighting
 - Level 5.0 Dodging
 - Level 2.6 Stealth
 + Level 14.7 Spellcasting
 - Level 1.0 Conjurations
 - Level 4.0 Fire Magic
 - Level 8.6 Alchemy
 - Level 3.0 Invocations


You had 31 spell levels left.
You knew the following spells:

 Your Spells              Type           Power      Damage    Failure   Level
a - Sting                 Conj/Alch      100%       1d9       1%          1
b - Olgreb's Toxic Radia  Alch           66%        N/A       1%          4
c - Sticky Flame          Fire/Alch      58%        2d10      1%          4

Your spell library contained the following spells:

 Spells                   Type           Power      Damage    Failure   Level
 Magic Dart               Conj           100%       1d8       1%          1
 Summon Small Mammal      Summ           88%        N/A       1%          1
 Mercury Vapours          Alch/Air       98%        N/A       1%          2
 Mephitic Cloud           Conj/Alch/Air  42%        N/A       1%          3
 Momentum Strike          Conj/Tloc      50%        3d9       2%          2
 Blink                    Tloc           44%        N/A       3%          2
 Call Imp                 Summ           44%        N/A       3%          2
 Jinxbite                 Hex            44%        N/A       3%          2
 Lesser Beckoning         Tloc           44%        N/A       3%          2
 Call Canine Familiar     Summ           22%        N/A       6%          3
 Sigil of Binding         Hex            22%        N/A       6%          3
 Summon Blazeheart Golem  Fire/Summ      35%        N/A       9%          4
 Yara's Violent Unravell  Hex/Alch       24%        3d11      10%         5
 Dimensional Bullseye     Hex/Tloc       11%        N/A       21%         4
 Metabolic Englaciation   Hex/Ice        11%        N/A       50%         5
 Enfeeble                 Hex            11%        N/A       100%        7
 Maxwell's Capacitive Co  Air            11%        ∞         100%        8


Dungeon Overview and Level Annotations

Branches:
Dungeon (11/15)            Temple (1/1) D:4            Lair (0/5) D:8
    Orc (2/2) D:11         Bailey (visited)
    Elf: Orc:2

Altars:
Ashenzari
Cheibriados
Dithmenos
Elyvilon
Fedhas
Gozag
Hepliaklqana
Kikubaaqudgha
Makhleb
Nemelex Xobeh
Okawaru
Qazlal
Ru
Sif Muna
Trog
Uskayaw
Vehumet
Wu Jian
Xom
Yredelemnul
Zin
The Shining One

Shops:
D:10 [   Orc:1 (?(*

Annotations:
D:4 Dowan
D:10 Josephine
Orc:2 Saint Roka


Innate Abilities, Weirdness & Mutations

You cannot wear most types of armour.
You are amphibious.
You can wear up to eight rings at the same time.
Your skin changes colour to match your surroundings (Stealth+).
Your rubbery body absorbs attacks. (AC +1, EV +1)
((You are camouflaged when in or above water. (Stealth+)))
You have tentacles for arms and can constrict up to eight enemies at once.


Message History

You hear a shout!
The orc sorcerer casts a spell.
You hear a shout!
Found 37 gold pieces.
Casting: Olgreb's Toxic Radiance (mildly dangerous; 1% risk of failure)
Confirm with . or Enter, or press ? or * to list all spells.
Your toxic radiance grows in intensity.
The orc sorcerer looks even sicker.
The orc sorcerer looks as sick as possible!
Your toxic aura wanes.
The orc sorcerer gestures wildly while chanting.
An orc warrior comes into view. It is wielding a +0 hand axe.
The sixfirhy misses you. The sixfirhy attacks as it pursues you!
The sixfirhy misses you. The sixfirhy closely misses you.
The sixfirhy barely misses you. The sixfirhy hits you! The sixfirhy shocks you!
The sixfirhy hits you. The sixfirhy shocks you! The orc sorcerer misses you.
Casting: Olgreb's Toxic Radiance (mildly dangerous; 1% risk of failure)
Confirm with . or Enter, or press ? or * to list all spells.
Aiming: Sticky Flame (dangerous; 1% risk of failure)
Press: ? - help, Shift-Dir - straight line, f - orc sorcerer
Aim: an orc sorcerer, wielding a +0 dagger and wearing a +0 robe (severely wounded, very poisoned)
The sticky flame hits the orc sorcerer but does no damage.
The orc sorcerer is severely wounded.
The orc sorcerer burns!
The orc sorcerer hits you with a +0 dagger.
You puncture the orc sorcerer! You burn the orc sorcerer.
You kill the orc sorcerer!
Sif Muna accepts your kill.
The sixfirhy disappears in a puff of smoke! x2
A warg comes into view.
Things that are here:
a +0 dagger; a +0 robe; an orc corpse An orc wizard comes into view.
It is wielding a +0 dagger.
There is a stone staircase leading up here.
You climb upwards.
There is a stone staircase leading down here.
You start resting.
Magic restored.
You start resting.
HP restored.
You climb downwards.
There is a stone staircase leading up here.
Things that are here:
a +0 robe; a +0 dagger; an orc corpse
Casting: Sticky Flame (dangerous; 1% risk of failure)
Confirm with . or Enter, or press ? or * to list all spells.
You begin to radiate toxic energy.
The orc wizard shouts!
The orc wizard is poisoned.
The warg howls!
An orc warrior comes into view. It is wielding a +0 trident.
The orc wizard looks even sicker.
The orc warrior shouts!
The orc warrior is poisoned.
The orc shouts!
The orc is poisoned.
You hear a shout!
Saint Roka the Messiah comes into view.
They are wielding a +2 long sword of venom.
Casting: Olgreb's Toxic Radiance (mildly dangerous; 1% risk of failure)
Confirm with . or Enter, or press ? or * to list all spells.
Your toxic radiance grows in intensity.
Saint Roka is poisoned.
The orc wizard looks even sicker.
The orc looks even sicker. x2
Saint Roka roars a battlecry!
The orcs go into a battle-frenzy!
You hear a shout!
You kill the orc wizard!
Sif Muna accepts your kill.
The orc warrior looks even sicker.
You kill the orc!
Sif Muna accepts your kill. The warg attacks as it pursues you!
The warg closely misses you.
Things that are here:
a +0 robe; a +0 dagger; an orc corpse
Casting: Olgreb's Toxic Radiance (mildly dangerous; 1% risk of failure)
Confirm with . or Enter, or press ? or * to list all spells.
Your toxic radiance grows in intensity.
Saint Roka looks even sicker.
The orc warrior looks even sicker.
The warg bites you!!
Saint Roka says, "In the orcish mines, orcs kill the likes of YOU!"
Saint Roka mumbles some strange prayers to Beogh against you.
Beogh smites you! The warg bites you.
You hear a shout! x3
The orc warrior looks as sick as possible!
The warg attacks as it pursues you! The warg bites you.
The orc warrior looks as sick as possible!
You kill the orc warrior!
Sif Muna accepts your kill. The warg attacks as it pursues you!
The warg barely misses you. The warg barely misses you.
The warg attacks as it pursues you! The warg misses you.
An orc warrior comes into view. It is wielding a +0 flail.
Saint Roka looks even sicker.
The orc warrior shouts!
The orc warrior is poisoned. x2
Saint Roka calls down the wrath of Beogh upon you.
Beogh smites you! The warg bites you!!
* * * LOW HITPOINT WARNING * * *
There is a stone staircase leading up, spattered with blood here.
Saint Roka looks even sicker.
The orc warrior looks even sicker.
The warg bites you!
You die...

#............
............
#...........
#............
#.........#.#
#.......##...
#............
#.h#.........
#.@#...$.#..#
#..##[..#....
#...........#
#............
#....o)......#
#......o.#####.#
.......o..# .
.##......)#
.........+


You could see Saint Roka (very poisoned), a warg and 2 orc warriors.

Vanquished Creatures
  A boulder beetle (D:11)
  Erica (D:8)
  3 two-headed ogres
  An orc sorcerer (Orc:2)
  A manticore (D:9)
  Maurice (D:8)
  Joseph (D:8)
  A kobold demonologist (D:9)
  A rime drake (D:8)
  Maggie (D:6)
  Psyche (D:8)
  2 hornets (D:9)
  A wraith (D:9)
  A wyvern (D:9)
  17 yaks
  3 vampire mosquitoes (D:11)
  Duvessa (D:4)
  3 acid dragons
  2 water moccasins
  18 orc warriors
  4 ice beasts (D:8)
  3 black bears
  3 ogres (Orc:1)
  2 wolves (D:8)
  14 centaurs
  3 phantoms
  A bullfrog (D:6)
  2 kobold brigands
  3 gnoll sergeants
  4 scorpions
  14 wights
  3 howler monkeys
  A bombardier beetle (D:6)
  2 hounds (D:5)
  10 orc priests
  2 iguanas
  8 orc wizards
  11 gnolls
  6 adders
  A white imp (D:6)
  2 ufetubi (D:6)
  A dart slug (D:5)
  70 orcs
  2 ball pythons (D:3)
  4 endoplasms
  2 giant cockroaches
  3 goblins
  4 hobgoblins
  2 jackals (D:4)
  17 kobolds
  A quokka (D:3)
  5 bats (D:3)
  A rat (D:3)
272 creatures vanquished.

Notes
Turn   | Place    | Note
-------+----------+-------------------------------------------
     0 | D:1      | Flugslaktarn the Octopode Alchemist began the quest for the
                  | Orb.
     0 | D:1      | Reached XP level 1. HP: 11/11 MP: 3/3
   116 | D:3      | Reached XP level 2. HP: 17/17 MP: 3/5
   288 | D:3      | Reached XP level 3. HP: 15/21 MP: 0/6
   578 | D:4      | Reached XP level 4. HP: 5/27 MP: 4/8
   583 | D:4      | Learned a level 4 spell: Olgreb's Toxic Radiance
   604 | D:4      | Reached skill level 5 in Alchemy
   653 | D:4      | Noticed Duvessa
   653 | D:4      | Noticed Dowan
   658 | D:5      | Entered Level 5 of the Dungeon
   716 | D:5      | Reached skill level 3 in Spellcasting
   716 | D:5      | Reached XP level 5. HP: 31/31 MP: 6/9
   799 | D:5      | Reached XP level 6. HP: 15/36 MP: 0/11
  1251 | D:4      | Killed Duvessa
  1252 | D:4      | Reached skill level 4 in Spellcasting
  1252 | D:4      | Reached XP level 7. HP: 27/41 MP: 5/13
  1288 | D:4      | Found a staircase to the Ecumenical Temple.
  1297 | Temple   | Entered the Ecumenical Temple
  1866 | D:6      | HP: 1/41 [centaur/arrow (19)]
  1878 | D:6      | HP: 1/41 [centaur (5)]
  1880 | D:6      | Reached skill level 5 in Spellcasting
  1880 | D:6      | Reached XP level 8. HP: 2/46 MP: 3/15
  1984 | D:6      | Learned a level 4 spell: Sticky Flame
  1997 | D:6      | Found a sacrificial altar of Ru.
  1997 | D:6      | Found a shadowy altar of Dithmenos.
  2027 | D:6      | Reached skill level 1 in Fire Magic
  2123 | D:6      | Noticed Maggie
  2283 | D:6      | Reached skill level 1 in Fighting
  2500 | D:6      | Killed Maggie
  2501 | D:6      | Reached skill level 6 in Spellcasting
  2543 | D:6      | Reached XP level 9. HP: 54/54 MP: 3/18
  2633 | D:7      | Found a flagged portal.
  2638 | D:7      | Reached skill level 7 in Spellcasting
  2648 | D:7      | Identified the +11 spear "Earthworm" {flame, rF++ Will-
                  | Int+3}
  2656 | Bailey   | Entered a bailey
  2891 | Bailey   | Reached skill level 8 in Spellcasting
  3162 | Bailey   | Reached skill level 9 in Spellcasting
  3392 | Bailey   | Reached skill level 10 in Spellcasting
  3478 | Bailey   | Reached XP level 10. HP: 62/62 MP: 16/24
  3494 | Bailey   | Acquired a +1 hat of see invisible
  4069 | D:8      | Noticed Erica
  4074 | D:8      | Killed Erica
  4075 | D:8      | Reached skill level 5 in Fighting
  4266 | D:8      | Noticed Joseph
  4303 | D:8      | Killed Joseph
  4466 | D:8      | Noticed Maurice
  4476 | D:8      | Killed Maurice
  4515 | D:8      | Noticed Psyche
  4522 | D:8      | Killed Psyche
  4568 | D:8      | Reached skill level 5 in Dodging
  4641 | D:9      | Found a shimmering blue altar of Sif Muna.
  4647 | D:9      | Became a worshipper of Sif Muna the Loreminder
  4718 | D:9      | Reached XP level 11. HP: 60/72 MP: 25/25
  4787 | D:9      | Reached skill level 11 in Spellcasting
  4895 | D:9      | Found an ancient bone altar of Kikubaaqudgha.
  4949 | D:9      | Noticed a manticore
  4949 | D:9      | Noticed a two-headed ogre
  4970 | D:9      | Killed a two-headed ogre
  4970 | D:9      | Reached * piety under Sif Muna
  4988 | D:9      | Reached skill level 12 in Spellcasting
  5142 | D:9      | Killed a manticore
  5458 | D:10     | Entered Level 10 of the Dungeon
  5458 | D:10     | Found Zuli's Antique Armour Boutique.
  5516 | D:10     | Noticed Josephine
  5781 | D:10     | Reached ** piety under Sif Muna
  5784 | D:10     | Reached skill level 13 in Spellcasting
  5942 | D:10     | Noticed a two-headed ogre
  5956 | D:10     | Killed a two-headed ogre
  5971 | D:10     | Got Peraossu's Atlas of Fateful Austromancy
  6273 | D:11     | Reached XP level 12. HP: 57/79 MP: 17/29
  6349 | D:11     | Reached skill level 14 in Spellcasting
  6442 | D:11     | Found a staircase to the Orcish Mines.
  6469 | D:11     | Noticed a two-headed ogre
  6469 | D:11     | Noticed a boulder beetle
  6476 | D:11     | Killed a boulder beetle
  6489 | D:11     | Killed a two-headed ogre
  6527 | Orc:1    | Entered Level 1 of the Orcish Mines
  6527 | Orc:1    | Found Gijeetev's Antique Weapon Shop.
  6642 | Orc:1    | Found Ofrehunumo's Magic Scroll Emporium.
  6647 | Orc:1    | Found Luobb's General Store.
  6651 | Orc:1    | Bought a scroll of blinking for 82 gold pieces
  6832 | Orc:1    | Found Muygrug's Weapon Shop.
  6996 | Orc:2    | Entered Level 2 of the Orcish Mines
  7126 | Orc:2    | Noticed Saint Roka
  7135 | Orc:2    | Slain by a warg

Illustrated notes

Levels and vault maps discovered:
D:1:      dpeg_arrival_radiant, layout_basic,
          hellmonk_ecumenical_altar_pennies_from_heaven, minmay_nonomino_d4
D:2:      layout_rooms
D:3:      layout_basic
D:4:      nicolae_BIG_FREAKIN_CUBE, layout_rooms, minmay_temple_entry_poolview,
          serial_bayou_crossing, uniq_duvessa
D:5:      layout_basic, hangedman_decor_peaks_small
D:6:      layout_loops_cross, grunt_temple_overflow_open, st_stairs_4,
          uniq_maggie
D:7:      layout_rooms, enter_bailey_2, minmay_misc_feat_roman
D:8:      layout_layer_cave, hellmonk_lair_entry_icy,
          chequers_serial_rivers_micro_b, glass_columns_b, uniq_maurice,
          uniq_psyche, uniq_joseph, uniq_erica
D:9:      layout_irregular_city, mainiacjoe_overflow_paths,
          lemuel_crystal_altar, grunt_potential
D:10:     layout_roguey, serial_shops, shop, uniq_josephine
D:11:     layout_roguey, erik_orc_1, dreamdust_princess_corridor,
          nicolae_qazlal_style_of_elements
Temple:   mainiacjoe_temple_coin_purse
Orc:1:    layout_caves, special_room [special_room_kobold], serial_shops,
          nicolae_shop_stone, nicolae_shop_just_a_little_nook,
          nicolae_shop_hallway_stairs, shop, lightli_orcish_oven
Orc:2:    grunt_orc_community_town_hall, layout_caves,
          grunt_orc_community_big_house_2, grunt_orc_community_big_house_1,
          grunt_orc_community_house_1, grunt_orc_community_house_2,
          grunt_orc_community_house_1, grunt_orc_community_house_3,
          uniq_saint_roka

Skill      XL: |  1  2  3  4  5  6  7  8  9 10 11 12 |
---------------+-------------------------------------+-----
Alchemy        | 4 5 6 7 8 |  8.6
Spellcasting   | 3 4 5 6 10 13 14 | 14.7
Fire Magic     | 4 |  4.0
Fighting       | 2 6 |  6.0
Dodging        | 5 |  5.0
Invocations    | 2 3 |  3.0
Stealth        | |  2.6
Conjurations   | |  1.0

Action                     |  1- 3 |  4- 6 |  7- 9 | 10-12 || total
---------------------------+-------+-------+-------+-------++-------
  Melee: Staff             |    21 |       |       |     8 ||    29
         Constrict         |     8 |     8 |     8 |    10 ||    34
         Tentacles         |     5 |     7 |     7 |    22 ||    41
         Short sword       |    10 |    32 |     7 |       ||    49
         Dagger            |       |       |    23 |       ||    23
         Spear             |       |       |     8 |    81 ||    89
         Punch             |       |       |     1 |     2 ||     3
   Cast: Sting             |    41 |    37 |    49 |    15 ||   142
         Olgreb's Toxic Ra |       |     1 |    46 |    81 ||   128
         Sticky Flame      |       |       |     1 |    36 ||    37
    Use: Scroll            |     4 |     6 |     3 |     5 ||    18
         Potion            |       |     1 |     1 |     1 ||     3
   Stab: Sleeping          |       |       |       |     1 ||     1
 Armour: Skin              |    33 |    34 |    48 |    99 ||   214
  Dodge: Dodged            |    38 |    27 |    48 |    90 ||   203

Table legend: (Time is in decaauts)
 A = Elapsed time spent in this place.
 B = Non-inter-level travel time spent in this place.
 C = Inter-level travel time spent in this place.
 D = Time resting spent in this place.
 E = Time spent auto-exploring this place.
 F = Levels seen in this place.
 G = Mean time per level.
                   A        B        C        D        E       F      G
               +--------+--------+--------+--------+--------+-----+--------+
         Total |   7182 |   6896 |    286 |   1067 |   3014 |  15 |  478.8 |
       Dungeon |   5439 |   5157 |    282 |    262 |   2569 |  11 |  494.5 |
        Temple |      1 |      1 |      0 |      0 |      0 |   1 |    1.0 |
  Orcish Mines |    609 |    605 |      4 |    149 |    351 |   2 |  304.5 |
        Bailey |   1132 |   1132 |      0 |    656 |     94 |   1 | 1132.0 |
               +--------+--------+--------+--------+--------+-----+--------+

Top non-repeatable levels by time:
  Bailey: 1132 daAuts
     D:6: 890 daAuts
    D:10: 741 daAuts
     D:8: 725 daAuts
     D:9: 699 daAuts
     D:4: 640 daAuts
     D:5: 628 daAuts
   Orc:1: 571 daAuts
     D:7: 401 daAuts
     D:3: 321 daAuts
    D:11: 309 daAuts
     D:1: 59 daAuts
   Orc:2: 38 daAuts
     D:2: 21 daAuts
  Temple: 1 daAuts
